Cogmind - Beta 9.6 @@@ ROGUE MODE // 2020.07.10 @ 00:18:19 Player: Weird_Skeleton Result: Destroyed by Y-45 Defender with Beam Rifle Performance ------------- Evolutions (1) 500 Regions Visited (3) 600 Robots Destroyed (18) 90 Value Destroyed (607) 607 Prototype IDs (1) 20 Alien Tech Used (0) 0 Bonus (33) 33 TOTAL SCORE: 1850 Bonus ------- Follower Combat Kills 33 Cogmind --------- Core Integrity 0/400 Matter 300/300 Energy 76/100 System Corruption 0% Temperature Cool (9) Movement Core (100) Ox1 Location -9/Storage Parts ------- > --- POWER (1) -------- (None) > --- PROPULSION (4) --- (None) > --- UTILITY (2) ------ Small Storage Unit > --- WEAPON (2) ------- (None) > --- INVENTORY (6) ---- Improved Ion Engine Aluminum Leg Improved Flight Unit Large Battery (300) Peak State ------------ > --- POWER ------------ Light Angular Momentum Engine > --- PROPULSION ------- Aluminum Leg Carbon-fiber Leg Carbon-fiber Leg Carbon-fiber Leg > --- UTILITY ---------- Improved Heat Sink Small Storage Unit > --- WEAPON ----------- Small Laser Improved Medium Laser > --- INVENTORY -------- Light Nuclear Core Improved Flight Unit Large Battery Medium Armor Plating Heavy Assault Rifle [Rating: 24] Favorites ----------- Power Ion Engine Engine Ion Engine Power Core Light Nuclear Core Propulsion Aluminum Leg Leg Aluminum Leg Utility Small Storage Unit Device Improved Heat Sink Storage Small Storage Unit Protection Medium Armor Plating Weapon Medium Laser Energy Gun Medium Laser Ballistic Gun Assault Rifle Launcher Grenade Launcher Build | -11 -10 -9 -9 ------- Run | Scr Mat Mat Sto Slots Evolved 2 | . . 2 . Power . | . . . . Propulsion 2 | . . 2 . Utility . | . . . . Weapon . | . . . . Parts Attached 32 | 5 8 5 14 Power 5 | . 2 . 3 Engine 3 | . 2 . 1 Core 2 | . . . 2 Reactor . | . . . . Propulsion 10 | 2 3 1 4 Treads . | . . . . Leg 10 | 2 3 1 4 Wheel . | . . . . Hover . | . . . . Flight . | . . . . Utility 6 | 1 1 2 2 Device 2 | . . 1 1 Storage 3 | 1 1 . 1 Processor . | . . . . Hackware . | . . . . Protection 1 | . . 1 . Artifact . | . . . . Weapon 11 | 2 2 2 5 Energy Gun 8 | 1 1 2 4 Energy Cannon . | . . . . Ballistic Gun 2 | 1 . . 1 Ballistic Cannon . | . . . . Launcher 1 | . 1 . . Special Weapon . | . . . . Impact Weapon . | . . . . Slashing Weapon . | . . . . Piercing Weapon . | . . . . Special Melee Weapon . | . . . . Unidentified Prototypes 1 | . . . 1 Parts Lost 17 | . . 6 11 Power 2 | . . . 2 Propulsion 6 | . . 2 4 Utility 2 | . . 1 1 Weapon 7 | . . 3 4 Highest Loss Streak 5 | . . 5 5 Average Slot Usage (%) 80 | . 93 72 75 Engine 7 | . 10 11 2 Core 3 | . . . 7 Leg 27 | . 28 23 28 Device 3 | . . 3 5 Storage 17 | . 24 11 15 Protection 1 | . . 6 . Energy Gun 12 | . 14 10 11 Ballistic Gun 5 | . 9 . 4 Launcher 2 | . 4 5 . Naked Turns . | . . . . Heaviest Build 21 | 8 17 21 20 Greatest Support 58 | 20 20 30 58 Greatest Overweight (x) 1 | 1 . 1 1 Average Overweight (x) . | . . . . Largest Inventory Capacity 6 | 6 6 6 6 Average Capacity 5 | 5 6 6 6 Most Carried 6 | 5 6 6 6 Average Carried 4 | 2 3 4 4 Final Capacity 6 | 6 6 6 6 Final Carried 5 | 4 3 5 4 Class Distribution -------------------- 75% | Mutant 24% | Scavenger-Mutant Dominant Class ---------------- Mutant | -10/Materials Mutant | -9/Materials Scavenger-Mutant | -9/Storage Resources | -11 -10 -9 -9 ----------- Run | Scr Mat Mat Sto Matter Collected 608 | 250 105 47 206 Remotely . | . . . . Salvage Created 679 | . 261 89 329 Parts 38 | . 14 5 19 Haulers Intercepted . | . . . . Recyclers Shooed 3 | . 2 . 1 Parts Field Recycled . | . . . . Retrieved Matter . | . . . . Parts Self-Destructed . | . . . . Prevented . | . . . . Kills | -11 -10 -9 -9 ------- Run | Scr Mat Mat Sto Combat Hostiles Destroyed 15 | . 6 3 6 Guns 12 | . 4 2 6 AOE 3 | . 2 1 . Classes Destroyed 5 | . 2 1 2 Builder 2 | . . . 2 Watcher 1 | . 1 . . Swarmer 1 | . . 1 . Grunt 13 | . 6 2 5 Duelist 1 | . . . 1 Best Kill Streak 5 | . 5 2 4 Combat Bots Only 4 | . 4 2 4 Max Kills in Single Turn 2 | . 2 2 2 Gunslinging . | . . . . Exploded 2 | . 2 1 . Melee . | . . . . Uniques/NPCs Destroyed . | . . . . Combat | -11 -10 -9 -9 -------- Run | Scr Mat Mat Sto Damage Taken 2157 | . 393 700 1064 Core 502 | . 89 159 254 Absorbed by Shields 103 | . . 103 . Core Remaining (%) 82 | 100 64 . . Volleys Fired 59 | . 21 4 34 Largest 2 | . 2 2 2 Hottest 80 | . 80 80 79 Shots Fired 104 | . 37 8 59 Gun 100 | . 36 5 59 Cannon . | . . . . Launcher 4 | . 1 3 . Special . | . . . . Kinetic 40 | . 15 . 25 Thermal 59 | . 21 4 34 Explosive 4 | . 1 3 . Electromagnetic 1 | . . 1 . Robot Hit Streak 10 | . 10 6 10 Robot Miss Streak 3 | . 2 1 3 Penetration Max . | . . . . Secondary Targets 3 | . . 1 2 Max Gunslinging Chain 1 | . . 1 1 Shots Hit Robots 71 | . 27 7 37 Core Hits 38 | . 16 6 16 Critical Hits . | . . . . Critical Kills . | . . . . Critical Parts Destroyed . | . . . . Melee Attacks . | . . . . Impact . | . . . . Slashing . | . . . . Piercing . | . . . . Sneak Attacks . | . . . . Combat Hostiles . | . . . . Follow-up Attacks . | . . . . Damage Inflicted 1242 | . 437 195 610 Guns 948 | . 302 61 585 Cannons . | . . . . Explosions 292 | . 135 134 23 Melee . | . . . . Ramming 2 | . . . 2 Kinetic 356 | . 127 . 229 Thermal 581 | . 175 50 356 Explosive 292 | . 135 134 23 Electromagnetic 11 | . . 11 . Impact . | . . . . Slashing . | . . . . Piercing . | . . . . Highest Corruption . | . . . . Average Corruption . | . . . . Corruption Purged . | . . . . Overload Shots . | . . . . Overflow Damage 39 | . . . 39 Projectiles . | . . . . Explosions 39 | . . . 39 Melee . | . . . . Knockbacks . | . . . . Impact . | . . . . Kinetic . | . . . . Secondary . | . . . . Self-Inflicted Damage 133 | . 24 29 80 Shots 4 | . 1 2 1 Rammed 1 | . . . 1 Targets Rammed 1 | . . . 1 Kicked . | . . . . Crushed . | . . . . Highest Temperature 123 | . 123 120 60 Average Temperature 43 | . 43 50 26 Received Heat Transfer 831 | . 201 279 351 Siege Activations . | . . . . Robots Corrupted . | . . . . Combat Hostiles . | . . . . Parts Fried . | . . . . Impact Corruptions . | . . . . Robots Melted . | . . . . Combat Hostiles . | . . . . Parts Melted 1 | . . . 1 Heat Transferred 1483 | . 518 136 829 Parts Sabotaged . | . . . . Parts Stolen . | . . . . Parts Stripped . | . . . . Power Chain Reactions . | . . . . Missiles Intercepted . | . . . . Alert | -11 -10 -9 -9 ------- Run | Scr Mat Mat Sto Peak Influence 304 | . 183 191 304 Average Influence 123 | . 88 135 162 Maximum Alert Level 1 | . . . 1 Low Security (%) 87 | 100 100 100 70 Level 1 12 | . . . 29 Level 2 . | . . . . Level 3 . | . . . . Level 4 . | . . . . Level 5 . | . . . . High Security . | . . . . Max Security . | . . . . Squads Dispatched 8 | . . 4 4 Investigation 2 | . . 2 . Extermination . | . . . . Reinforcement 4 | . . 2 2 Assault 2 | . . . 2 Garrison . | . . . . Intercept . | . . . . Construction Impeded . | . . . . Haulers Reinforced . | . . . . Stealth | -11 -10 -9 -9 --------- Run | Scr Mat Mat Sto Distress Signals 4 | . 1 1 2 Communications Jammed . | . . . . Distress Signals . | . . . . Times Spotted 41 | . 10 17 14 Peak Tracking Total 11 | . 5 11 4 Tactical Retreats . | . . . . Traps | -11 -10 -9 -9 ------- Run | Scr Mat Mat Sto Traps Triggered . | . . . . Indirectly . | . . . . Trap Hack Attempts . | . . . . Triggered . | . . . . Disarmed . | . . . . Reprogrammed . | . . . . Reused . | . . . . Traps Extracted . | . . . . Installed . | . . . . Triggered . | . . . . Machines | -11 -10 -9 -9 ---------- Run | Scr Mat Mat Sto Machines Disabled 3 | . 1 . 2 Max in Single Turn 1 | . 1 . 1 Machines Sabotaged . | . . . . Garrisons Compromised . | . . . . Overloaded Fab Kills . | . . . . Fab Network Shutdowns . | . . . . Hacking | -11 -10 -9 -9 --------- Run | Scr Mat Mat Sto Machines Accessed 3 | . 1 1 1 Terminals 3 | . 1 1 1 Fabricators . | . . . . Repair Stations . | . . . . Recycling Units . | . . . . Scanalyzers . | . . . . Garrison Access . | . . . . Total Hacks 11 | . 3 5 3 Successful 7 | . 2 3 2 Failed 3 | . 1 1 1 Catastrophic . | . . . . Database Lockouts 1 | . . 1 . Manual . | . . . . Terminals 11 | . 3 5 3 Fabricators . | . . . . Repair Stations . | . . . . Recycling Units . | . . . . Scanalyzers . | . . . . Garrison Access . | . . . . Terminal Hacks 7 | . 2 3 2 Record 3 | . . 3 . Robot Analysis 1 | . 1 . . Recall Investigation 1 | . 1 . . Hauler Manifests 1 | . . . 1 Zone Layout 1 | . . . 1 Fabricator Hacks . | . . . . Repair Station Hacks . | . . . . Recycling Unit Hacks . | . . . . Scanalyzer . | . . . . Garrison Access Hacks . | . . . . Unauthorized Hacks . | . . . . Terminals . | . . . . Fabricators . | . . . . Repair Stations . | . . . . Recycling Units . | . . . . Scanalyzers . | . . . . Garrison Access . | . . . . Data Cores Recovered . | . . . . Used . | . . . . Hacking Detections 2 | . 1 1 . Full Trace Events 1 | . . 1 . Feedback Events . | . . . . Feedback Blocked . | . . . . Robot Schematics Acquired . | . . . . Robots Built . | . . . . Matter . | . . . . Time . | . . . . Total Robot Build Rating . | . . . . Part Schematics Acquired . | . . . . Parts Built . | . . . . Matter . | . . . . Time . | . . . . Total Part Build Rating . | . . . . Parts Repaired . | . . . . Time . | . . . . Parts Recycled . | . . . . Recycled Matter . | . . . . Retrieved Matter . | . . . . Retrieved Components . | . . . . Parts Scanalyzed . | . . . . Part Schematics Acquired . | . . . . Parts Damaged . | . . . . Bothacking | -11 -10 -9 -9 ------------ Run | Scr Mat Mat Sto Used RIF Installer . | . . . . Robots Hacked . | . . . . Non-combat . | . . . . Combat . | . . . . Robot Hacks Applied . | . . . . Relay Couplers Released . | . . . . Robots Rewired . | . . . . Allies Hacked . | . . . . Hacks Repelled . | . . . . Allies | -11 -10 -9 -9 -------- Run | Scr Mat Mat Sto Total Allies 2 | . . . 2 Largest Group 2 | . . . 2 Highest-Rated Group 62 | . . . 62 Highest-Rated Ally 31 | . . . 31 Total Orders . | . . . . Ally Attacks 12 | . . . 12 Total Damage 187 | . . . 187 Kills 1 | . . . 1 Allies Corrupted . | . . . . Allies Melted . | . . . . Intel | -11 -10 -9 -9 ------- Run | Scr Mat Mat Sto Robot Analysis Total 1 | . 1 . . Derelict Logs Recovered . | . . . . Drone Launches . | . . . . Drone Recoveries . | . . . . Exploration | -11 -10 -9 -9 ------------- Run | Scr Mat Mat Sto Turns Passed 878 | 60 272 173 373 Spaces Moved 502 | 45 161 113 183 Core 24 | 19 . . 5 Treads . | . . . . Legs 478 | 26 161 113 178 Wheels . | . . . . Hover . | . . . . Flight . | . . . . Fastest Speed 50 | 50 120 120 100 Average Speed 126 | 103 120 133 132 Slowest Speed 150 | 120 120 150 150 Overloaded Moves . | . . . . Propulsion Burnouts . | . . . . Robots Hopped . | . . . . Cave-ins Triggered . | . . . . Exploration Rate (%) 24 | 3 40 21 35 Regions Visited 3 Branch Regions 1 Pre-discovered Areas . | . . . . Known Exits Taken . | . . . . Unknown Exits Taken 3 | 1 1 1 . Scrap Searched . | . . . . Spaces Dug . | . . . . Terrain Destroyed 32 | . 5 7 20 Melee . | . . . . Projectile . | . . . . AOE 32 | . 5 7 20 Actions | -11 -10 -9 -9 --------- Run | Scr Mat Mat Sto Total 642 | 58 203 126 255 Wait 3 | . 1 . 2 Move 499 | 44 160 112 183 Hop . | . . . . Pick Up 35 | 9 7 5 14 Fast Attach . | . . . . Attach 18 | 5 2 3 8 Detach . | . . . . Swap 14 | . 6 2 6 Drop 13 | . 6 . 7 Fire 59 | . 21 4 34 Melee . | . . . . Ram . | . . . . Kick 1 | . . . 1 Crush . | . . . . Escape Stasis . | . . . . Rewire . | . . . . Trap . | . . . . Miscellaneous . | . . . . Route ------- -11/Scrapyard -10/Materials -9/Materials -9/Storage History --------- Turn | Location | Event 18 | -11/Scrapyard | Discovered new exit (range 16) 61 | -11/Scrapyard | Entered Materials 322 | -10/Materials | Build established: Mutant 324 | -10/Materials | Discovered new exit (range 8) 333 | -10/Materials | Entered another Materials area 333 | -9/Materials | Evolved 2 slots: Propulsion x2 338 | -9/Materials | Central database locked down 494 | -9/Materials | Discovered new exit (range 7) 506 | -9/Materials | Entered Storage 530 | -9/Storage | Met a pair of Derelict thieves 536 | -9/Storage | Lost 5 parts (2n1u2w) 766 | -9/Storage | Core integrity fell below 50% 867 | -9/Storage | Lost 5 parts (1p1n3w) 875 | -9/Storage | Core integrity fell below 20% 879 | -9/Storage | Destroyed by Y-45 Defender with Beam Rifle Last Messages --------------- 00830_ The unstable cave ceiling collapses. 00830_ U-05 Engineer builds a Wall. 00835_ K-01 Serf collects debris. 00836_ Lgt. Nuclear Core destroyed. 00839_ K-01 Serf collects debris. 00842_ The unstable cave ceiling collapses. 00842_ K-01 Serf collects debris. 00843_ U-05 Engineer lays Concrete. 00847_ K-01 Serf collects debris. 00847_ U-05 Engineer lays Concrete. 00848_ Acquired 3 matter. 00852_ Acquired Particle Gun. 00858_ U-05 Engineer destroyed. 00867_ Carbon-fiber Leg destroyed. 00868_ Imp. Heat Sink destroyed. 00869_ Y-45 Defender heat damages Beam Rifle. 00871_ Carbon-fiber Leg destroyed. 00873_ Y-45 Defender heat short circuits Broken Imp. Ion Engine. 00873_ Particle Gun destroyed. 00873_ Carbon-fiber Leg destroyed. Map ----- +----------------------------------------------------+ | ???# # # * =# #?????????????? | | ???# ##+##+# # #?????????????? | | ???# #####+##### #?????????????? | | ???# #???# #??? ?????????????? | | ???# ##### #??? ????????????? | | ???# #??? ???????????? | | ?####+##### #####+## #??? ???????????? | | # # # # #??? #" ??????????? | | # + / #???### ##"Y"?????????? | | # ## # #?????? #?????????????? | | # ## # ###### #????????????? | | # ## # ?????????????? | | # ## ####????????????????????? | | # ## # #??????????????????????? | | # + ###??????????????????????? | | ############/#### ##?????#??????????????????? | | ???????# ! # ### #??????????????????? | | ???????#! + ?????????????? | | ???????#!= # ### #????????????????? | | ???????# ## ##????????????????????????? | | ???????# ! ## #?????????????????????????? | | ???????########## #?????????????????????????? | | ????????????#####+#####?????????????????????? | | ????????????# Y #?????????????????????? | | ????????????# % Y #?????????????????????? | | ????????????# Y @ #?????????????????????? | | ????????????# k % #?????????????????????? | | ????????????###########?????????????????????? | | | | | | | | | | | | | | | | | | | | | | | | | | | | | | | | | | | | | | | | | | | | | +----------------------------------------------------+ Best States ------------- Heat Dissipation 42 Energy Generation 18 Energy Capacity 550 Matter Stores 300 Matter Capacity 300 Sight Range 16 Terrain Scan Density 10 Armor Coverage 225 Evasion (%) 40 Item Schematics ----------------- None Robot Schematics ------------------ None Fabricated ------------ Nothing Alien Tech Used ----------------- None Achievements -------------- None Challenges ------------ None Game ------ Seed SmartbombSmartbombExpander Manual? 0 Play Time 00:16:36 Cumulative 3.3 hours Start 2020.07.09 @ 23:59:35 End 2020.07.10 @ 00:18:19 Sessions 1 Manual Loads 0 Difficulty Rogue Special Mode None Game No. 14 Rogue 14 Adventurer 0 Explorer 0 Win Type - Total 0 Types 0/0/0/0/0/0/0 Lore% 11 Gallery% 9 Achievement% 9 Wizard Run 0 Options --------- ASCII 0 Keyboard 0 Movement Numpad Keybinds 0 Fullscreen 1 Font 18/SmallcapsGlow Map View 76x50 Tactical HUD 1 Map Filters NONE Filters NONE Steam 1 RUN: 0b3032c0-5b23-48dc-9617-554e60c26cf2